 Crawl Stoat Soup version 0.23-ish-327-85-gad60674979 (console) character file.

6955 ceb the Dealer of Despair (level 11, -3/72 HPs)
             Began as a Faerie Dragon Necromancer on Mar 29, 2024.
             Was an Elder of Kikubaaqudgha.
             Slain by a vampire (4 damage)
             ... on level 10 of the Dungeon.
             The game lasted 00:30:52 (11114 turns).

ceb the Dealer of Despair (FDNe)                   Turns: 11114, Time: 00:30:53

Health: -3/72      AC:  7    Str:  7 (8)  XL:     11   Next: 7%
Magic:  14/16 (24) EV: 17    Int: 22 (23) God:    Kikubaaqudgha [****..]
Gold:   704        SH:  6    Dex: 16      Spells: 5/29 levels left

rFire    + . .     SeeInvis .   n - +1 flail (holy)
rCold    . . .     Gourm    .   (shield restricted)
rNeg     . . .     Faith    .   (armour unavailable)
rPois    .         Spirit   .   (helmet restricted)
rElec    .         Warding  .   (no cloak)
rCorr    .         Reflect  .   D - +0 pair of gloves
MR       +....     Harm     .   (no boots) Stlth ..........Clarity +
                                (no amulet)
HPRegen  1.22/turn              A - ring of protection from fire
MPRegen  0.19/turn              r - ring of wizardry

@: flying, regenerating, heavily drained, death channel, 8 MP reserved for
charms, 0.12 MP regen used to sustain charms
A: small, sparkly, unfitting armour, agile 1, blink, clarity, clever 1,
deterioration 1, herbivore 1, strong 1, magic attunement, magical scales, able
to fly
a: Stop Flying, Blink, Receive Corpses, Renounce Religion, End Permanent
Enchantments


You were on level 10 of the Dungeon.
You worshipped Kikubaaqudgha.
Kikubaaqudgha was greatly pleased with you.
You were not hungry.

You visited 2 branches of the dungeon, and saw 11 of its levels.
You also visited: Sewer.

You collected 704 gold pieces.

Inventory:

Hand Weapons
 a - a +3 trident of protection
 b - a +2 scimitar of flaming
 n - a +1 flail of holy wrath (weapon)
 s - a cursed +1 falchion
Armour
 D - a +0 pair of gloves (worn)
Jewellery
 r - a ring of wizardry (right hand)
 A - a ring of protection from fire (left hand)
Wands
 o - a wand of clouds (9 charges)
 w - 3 wands of random effects (90 charges)
 z - a wand of iceblast (4 charges)
 J - a wand of polymorph (19 charges)
Scrolls
 d - 2 scrolls of remove curse
 e - 7 scrolls of teleportation
 f - 2 scrolls of blinking
 l - a scroll of identify
 p - 3 scrolls of immolation
 y - a scroll of magic mapping
 F - 4 scrolls of enchant armour {unknown}
 H - a scroll of summoning
 I - a scroll of enchant weapon
Potions
 g - 2 potions of magic {unknown}
 i - 2 potions of invisibility
 j - a potion of cancellation
 m - 2 potions of agility {unknown}
 q - a potion of might
 u - a potion of lignification {unknown}
 v - a potion of ambrosia
 C - 2 potions of curing {unknown}
 G - a potion of haste
Comestibles
 c - 7 bread rations
 k - 10 meat rations


   Skills:
 * Level 5.2(2.3) Fighting
 + Level 3.2(0.6) Polearms
 + Level 9.3(6.2) Dodging
 - Level 1.2(0.0) Stealth
 + Level 9.5(6.3) Spellcasting
 * Level 12.1(8.7) Necromancy


You had 5 spell levels left.
You knew the following spells:

 Your Spells              Type           Power        Failure   Level  Hunger
a - Necrotise             Necr           25/25        1%          1    None
b - Animate Dead          Necr           N/A          1%          4    None
c - Vampiric Draining     Necr           45/200       1%          3    None
d - Regeneration          Chrm/Necr      26/200       6%          4    None
e - Pain                  Necr           25/25        1%          1    None
f - Death Channel         Necr           45/200       16%         6    None
g - Velakast's Disruptio  Necr           45/100       2%          5    None

Your spell library contained the following spells:

 Spells                   Type           Power        Failure   Level  Hunger
 Corpse Rot               Necr           N/A          1%          2    None
 Sublimation of Blood     Necr           45/200       1%          2    None
 Bolt of Draining         Conj/Necr      26/200       16%         5    None
 Excruciating Wounds      Chrm/Necr      26/200       16%         5    None


Dungeon Overview and Level Annotations

Branches:
Dungeon (10/15)            Temple (1/1) D:4
   Lair: D:8-11         Orc: D:9-12

Altars:
Ashenzari
Cheibriados
Dithmenos
Elyvilon
Fedhas
Gozag
Hepliaklqana Ihp'ix
Kikubaaqudgha
Makhleb
Nemelex Xobeh
Okawaru
Qazlal
Ru
Sif Muna
Trog
Uskayaw
Vehumet
Wu Jian
Xom
Yredelemnul
The Shining One

Shops:
D:5 *   D:6 }


Innate Abilities, Weirdness & Mutations

Your sparkly wings attract attention (Stealth-).
You are small and have problems with some larger weapons.
You cannot fit into any form of body armour.
Your spells do not cause hunger; their MP costs are reduced by 1.
Your shimmering scales repel attacks (AC +6, SH +6).
You can fly continuously.
You are agile. (Dex +2)
You can translocate small distances at will.
You possess an exceptional clarity of mind.
Your mind is acute. (Int +2)
Your body sometimes deteriorates upon taking damage.
You digest meat inefficiently.
Your muscles are strong. (Str +2)


Message History

You hit something but do no damage. Something hits you but does no damage.
Something bites you.
* * * LOW HITPOINT WARNING * * *
Something draws strength from your injuries!
You closely miss something. Something hits you.
* * * LOW HITPOINT WARNING * * *
Something barely misses you. Something hits you but does no damage.
Something bites you.
* * * LOW HITPOINT WARNING * * *
Something draws strength from your injuries!
Casting: Animate Dead (safe; 1% risk of failure)
Confirm with . or Enter, or press ? or * to list all spells.
Aiming: Vampiric Draining (safe; 1% risk of failure)
Press: ? - help, Shift-Dir - straight line, p - hornet zombie Nothing appears to happen.
Something hits you!
* * * LOW HITPOINT WARNING * * *
Your body deteriorates!
You feel dopey. Something bites you.
You die...
Kikubaaqudgha rasps: "You have failed me!
Welcome... death!"

#.# . #@#
....####{#
.....Z.[Z#
..#..###.#
# #.# #.#
#.# #.#
#.# .#


You could see a hornet zombie.

Vanquished Creatures
  Pikel (D:4)
  A centaur skeleton (D:10)
  A troll (D:9)
  A shadow (D:9)
  A wraith (D:9)
  A human (D:7)
  2 hungry ghosts
  4 hogs (D:7)
  2 water moccasins
  An ice beast (D:9)
  2 slaves (D:4)
  2 orc warriors
  A sky beast (D:5)
  2 black bears
  An ogre (D:5)
  5 centaurs
  A phantom (D:4)
  Blork the orc (D:4)
  6 bullfrogs
  An elf zombie (D:9)
  A scorpion (D:4)
  4 killer bees (D:8)
  5 wights (D:9)
  A howler monkey (D:9)
  3 human zombies (D:9)
  A bullfrog zombie (D:7)
  3 centaur zombies
  5 orc priests
  5 hounds
  2 human skeletons (D:9)
  4 jellies
  5 orc wizards
  3 iguanas
  2 merfolk sirens (Sewer)
  2 hell rats (D:8)
  4 worker ants
  A killer bee zombie (D:8)
  A hound zombie (D:6)
  A hound skeleton (D:5)
  2 howler monkey zombies
  Robin (D:2)
  A howler monkey skeleton (D:8)
  12 adders
  9 gnolls
  9 river rats
  A shadow imp (D:5)
  2 white imps
  An ooze (D:3)
  2 adder zombies (D:6)
  An adder skeleton (D:4)
  2 worms
  2 dart slugs (D:1)
  7 leopard geckos
  18 orcs
  9 bats
  10 giant cockroaches
  14 goblins
  5 hobgoblins
  10 jackals
  2 weasels (D:8)
  3 ball pythons
  7 frilled lizards
  A jackal zombie (D:6)
  5 kobolds
  2 leopard gecko skeletons
  39 rats
267 creatures vanquished.

Vanquished Creatures (collateral kills)
  Erica (D:9)
  A sky beast (D:8)
  An ice beast (D:7)
  An orc warrior (D:6)
  A necrophage (D:9)
  A wyvern zombie (D:9)
  2 wights (D:9)
  A bullfrog zombie (D:6)
  A hound (D:8)
  A jelly (D:9)
  A bullfrog skeleton (D:9)
  A merfolk avatar (Sewer)
  2 gnolls
  2 adders
  A river rat (Sewer)
  A white imp (D:5)
  5 orcs
  A bat (D:2)
  A weasel (D:8)
  A ball python (Sewer)
  A kobold (D:3)
  A leopard gecko skeleton (D:6)
  An orc zombie (D:9)
  8 rats
  A weasel zombie (D:6)
39 creatures vanquished.

Vanquished Creatures (others)
  An orc wizard (D:4)
  A worker ant (D:4)
  4 orcs
  A rat (D:4)
7 creatures vanquished.

Grand Total: 313 creatures vanquished

Notes
Turn   | Place    | Note
-------+----------+-------------------------------------------
     0 | D:1      | ceb the Faerie Dragon Necromancer began the quest for the
                  | Orb.
     0 | D:1      | Reached XP level 1. HP: 11/11 MP: 3/3
   194 | D:1      | Reached skill level 5 in Necromancy
   216 | D:1      | Reached XP level 2. HP: 16/17 MP: 5/5
  1008 | D:2      | Reached XP level 3. HP: 21/21 MP: 7/7
  1024 | D:2      | Noticed Robin
  1054 | D:2      | Killed Robin
  1152 | D:2      | Reached XP level 4. HP: 27/27 MP: 9/9
  1635 | D:3      | Reached XP level 5. HP: 31/31 MP: 10/10
  1880 | D:3      | Reached skill level 6 in Necromancy
  1905 | D:3      | Found a glowing drain.
  1913 | Sewer    | Entered a sewer
  2134 | Sewer    | Reached XP level 6. HP: 36/36 MP: 12/12
  2370 | Sewer    | Gained mutation: Your body sometimes deteriorates upon
                  | taking damage. [potion of mutation]
  2370 | Sewer    | Gained mutation: You are agile. (Dex +2) [potion of
                  | mutation]
  2906 | D:3      | Learned a level 4 spell: Animate Dead
  2910 | D:3      | Learned a level 3 spell: Vampiric Draining
  3904 | D:4      | Reached skill level 5 in Spellcasting
  3931 | D:4      | Found a staircase to the Ecumenical Temple.
  3939 | Temple   | Entered the Ecumenical Temple
  4190 | D:4      | Noticed a slave
  4190 | D:4      | Noticed a slave
  4194 | D:4      | Noticed Pikel
  4195 | D:4      | Noticed a slave
  4198 | D:4      | Noticed a slave
  4200 | D:4      | Killed a slave
  4214 | D:4      | Killed a slave
  4220 | D:4      | Killed Pikel
  4220 | D:4      | Reached skill level 5 in Dodging
  4220 | D:4      | Reached skill level 7 in Necromancy
  4220 | D:4      | Reached XP level 7. HP: 17/41 MP: 11/16
  4220 | D:4      | Reached XP level 8. HP: 19/46 MP: 11/17
  4432 | D:4      | Found a glowing golden altar of the Shining One.
  4433 | D:4      | Found a shadowy altar of Dithmenos.
  4441 | D:4      | Found a stormy altar of Qazlal.
  4441 | D:4      | Found a shimmering altar of Xom.
  4442 | D:4      | Found a white marble altar of Elyvilon.
  4442 | D:4      | Noticed Blork the orc
  4454 | D:4      | Killed Blork the orc
  4597 | D:4      | Reached skill level 8 in Necromancy
  4693 | D:4      | Found an ancient bone altar of Kikubaaqudgha.
  4879 | D:4      | Became a worshipper of Kikubaaqudgha
  5394 | D:5      | Entered Level 5 of the Dungeon
  5570 | D:5      | Found an opulent altar of Gozag.
  5574 | D:5      | Found Gozag's Platinum Reserve.
  5852 | D:5      | Found a sparkling altar of Nemelex Xobeh.
  5948 | D:5      | Reached skill level 9 in Necromancy
  5952 | D:5      | Gained mutation: You digest meat inefficiently. [mutagenic
                  | meat]
  5953 | D:5      | Gained mutation: You can translocate small distances at
                  | will. [mutagenic meat]
  5954 | D:5      | Gained mutation: Scrolls take you a little longer to read.
                  | [mutagenic meat]
  6250 | D:6      | Reached XP level 9. HP: 51/51 MP: 20/20
  6256 | D:6      | Learned a level 4 spell: Regeneration
  6260 | D:6      | Found a blossoming altar of Fedhas.
  6599 | D:6      | Reached * piety under Kikubaaqudgha
  6599 | D:6      | Identified Kikubaaqudgha's Guide on Black Secrets
                  | (Kikubaaqudgha gifted it to you on level 6 of the Dungeon)
  6599 | D:6      | Received a gift from Kikubaaqudgha
  6605 | D:6      | Learned a level 1 spell: Pain
  6655 | D:6      | Found Seomuth's Gadget Shoppe.
  6839 | D:6      | Noticed hilarita's ghost (novice MiAE)
  6842 | D:6      | Witnessed revenge of hilarita's ghost on an orc warrior.
  7277 | D:7      | Reached skill level 10 in Necromancy
  7593 | D:7      | Reached skill level 1 in Fighting
  7615 | D:7      | Reached skill level 1 in Polearms
  7960 | D:7      | Reached XP level 10. HP: 37/61 MP: 12/22
  8337 | D:7      | Reached ** piety under Kikubaaqudgha
  8974 | D:8      | Found a snail-covered altar of Cheibriados.
  8997 | D:8      | Reached skill level 11 in Necromancy
  9001 | D:8      | Gained mutation: You possess an exceptional clarity of
                  | mind. [mutagenic meat]
  9002 | D:8      | Gained mutation: Your mind is acute. (Int +2) [mutagenic
                  | meat]
  9003 | D:8      | Gained mutation: Your magical capacity is low. (-10% MP)
                  | [mutagenic meat]
  9004 | D:8      | Lost mutation: Your magical capacity is low. (-10% MP)
                  | [potion of mutation]
  9004 | D:8      | Lost mutation: Scrolls take you a little longer to read.
                  | [potion of mutation]
  9004 | D:8      | Gained mutation: Your muscles are strong. (Str +2) [potion
                  | of mutation]
  9418 | D:8      | Found a hide-covered altar of Uskayaw.
  9571 | D:8      | Reached *** piety under Kikubaaqudgha
  9571 | D:8      | Identified Kikubaaqudgha's Incunabulum of Darkness
                  | (Kikubaaqudgha gifted it to you on level 8 of the Dungeon)
  9571 | D:8      | Received a gift from Kikubaaqudgha
  9580 | D:8      | Learned a level 6 spell: Death Channel
  9586 | D:8      | Learned a level 5 spell: Velakast's Disruption
  9935 | D:9      | Noticed Erica
  9944 | D:9      | Killed Erica
 10473 | D:9      | Found a basalt altar of Yredelemnul.
 10774 | D:9      | Reached **** piety under Kikubaaqudgha
 10774 | D:9      | Reached skill level 12 in Necromancy
 10774 | D:9      | Reached XP level 11. HP: 70/70 MP: 16/24
 10876 | D:10     | Entered Level 10 of the Dungeon
 10910 | D:9      | Reached skill level 5 in Fighting
 11114 | D:10     | HP: 1/72 [something (14)]
 11114 | D:10     | Slain by a vampire

Vault maps used:
D:1:      psy_arrival_fountain
D:2:      uniq_robin
D:3:      lightli_sewer_entry_pipes
D:4:      kennysheep_mini, grunt_temple_overflow_open,
          minmay_temple_entry_mini_moons, serial_corexii_hall,
          corexii_hall_statues_u, chequers_hall_statues_wall_a,
          minmay_misc_feat_alley, minmay_door_square, uniq_pikel,
          uniq_blork_the_orc
D:5:      nemelex_xobeh_ov_fountains_minmay, first_bread,
          nicolae_gozag_zags_fifth_avenue
D:6:      serial_undead, serial_undead_f, serial_undead_a, serial_undead_c,
          serial_undead_a, serial_shops, nicolae_shop_behind_doors,
          lemuel_tele_altar
D:7:      grunt_livestock
D:8:      lemuel_ratsnest, kennysheep_mini_moat, basic_altar
D:9:      nicolae_overflow_hidden_temple, lemuel_mausoleum_altar_yredelemnul,
          uniq_erica
D:10:     david_orc_2
Temple:   dpeg_chambers_temple
Sewer:    sewer_sea

Skill      XL: |  1  2  3  4  5  6  7  8  9 10 11 |
---------------+----------------------------------+-----
Necromancy     | 5 6 7 9 10 12 | 12.1
Spellcasting   | 3 4 6 7 8 9 |  9.5
Dodging        | 3 4 5 7 8 9 |  9.3
Fighting       | 2 4 5 |  5.2
Polearms       | 1 3 |  3.2
Stealth        | |  1.2

Action                   |  1- 3 |  4- 6 |  7- 9 | 10-12 || total
-------------------------+-------+-------+-------+-------++-------
Melee: Short sword       |     1 |    17 |       |       ||    18
       Trident           |       |     1 |   138 |   176 ||   315
       Rapier            |       |       |       |    44 ||    44
       Scimitar          |       |       |       |    40 ||    40
       Flail             |       |       |       |    15 ||    15
Throw: Dart              |       |       |       |     6 ||     6
 Cast: Necrotise         |    64 |   207 |   179 |   168 ||   618
       Animate Dead      |       |     1 |     3 |     8 ||    12
       Vampiric Draining |       |       |    19 |    13 ||    32
       * Regeneration    |       |       |    18 |    46 ||    64
       * Death Channel   |       |       |       |     8 ||     8
  Use: Scroll            |       |     7 |     1 |     6 ||    14
       Potion            |       |     4 |       |     4 ||     8
 Stab: Distracted        |       |       |       |     1 ||     1
  Eat: Chunk             |     1 |     8 |    18 |    16 ||    43
       Fruit             |       |       |     2 |     2 ||     4
       Meat ration       |       |       |       |     1 ||     1
Armor: Skin              |     7 |    23 |    64 |    76 ||   170
Dodge: Dodged            |    17 |    60 |   219 |   336 ||   632
Block: Other             |     9 |    30 |    65 |   119 ||   223
       Rpst.: Scimitar   |       |       |       |    22 ||    22
       Rapier            |       |       |       |    14 ||    14
* Casting counts for permanent charms are approximate representations of how often the player would have had to cast a non-permanent spell for the same benefits.

Table legend:
 A = Spawn XP
 B = Non-spawn XP
 C = Spawn XP percentage of total XP
 D = Spawn monster count
 E = Non-spawn monster count
 F = Spawn count percentage of total count
 G = Total turns spent on level
                    A         B        C        D         E        F      G
               +---------+---------+-------+---------+---------+-------+---------
         Total |    1035 |    8902 |  10.4 |      30 |     274 |   9.9 | 11114
               +---------+---------+-------+---------+---------+-------+---------
           D:1 |       6 |      25 |  19.4 |       3 |      14 |  17.6 |   980
           D:2 |      61 |      65 |  48.4 |       7 |      25 |  21.9 |   636
           D:3 |       3 |     130 |   2.3 |       2 |      28 |   6.7 |  1381
           D:4 |      44 |    1065 |   4.0 |       2 |      17 |  10.5 |  1325
           D:5 |     233 |     456 |  33.8 |       3 |      17 |  15.0 |   846
           D:6 |       0 |     876 |   0.0 |       0 |      25 |   0.0 |   720
           D:7 |     186 |    1506 |  11.0 |       5 |      21 |  19.2 |  1617
           D:8 |     385 |    1150 |  25.1 |       6 |      38 |  13.6 |  1219
           D:9 |     117 |    2971 |   3.8 |       2 |      40 |   4.8 |  1215
          D:10 |       0 |     431 |   0.0 |       0 |       4 |   0.0 |   103
         Sewer |       0 |     227 |   0.0 |       0 |      45 |   0.0 |   839
               +---------+---------+-------+---------+---------+-------+---------
